Map: [ESL] Tropical Sacrifice

Players

IlIIIllIlllI (Classic)

  • Race: Protoss Protoss
  • League: Diamond
  • Spawn Location: 7:00

Solar - Winner!

  • Race: Zerg Zerg
  • League: Master
  • Spawn Location: 1:00

Event: TSL 9

VOD

Have the link to the VOD?

Description

Time

  • Played on: Sept. 2, 2022, 9:42 a.m.
  • Length: 10:15

All games in this series

Show
View Real Time Build Order
Export as new Build Order

IlIIIllIlllI Protoss 

Build Orders: 1 Gate Expand, Oracle Opening 

Get SALT Encoding   

  12  0:00  Probe  
  13  0:12  Probe  
  14  0:18  Pylon  
  14  0:24  Probe  
  15  0:36  Probe (Chrono Boost)  
  15  0:40  Gateway  
  16  0:46  Probe (Chrono Boost)  
  17  0:50  Assimilator  
  17  0:51  Probe (Chrono Boost)  
  18  1:03  Probe  
  19  1:15  Probe  
  20  1:27  Nexus  
  20  1:31  Probe  
  21  1:42  Cybernetics Core  
  21  1:44  Probe  
  22  1:50  Assimilator  
  22  1:56  Pylon  
  22  1:59  Probe  
  23  2:14  Probe  
  24  2:15  Adept (Chrono Boost)  
  24  2:20  Stargate  
  26  2:26  Probe  
  26  2:27  Warp Gate  
  27  2:38  Probe (Chrono Boost), Stalker  
  27  2:40  Probe (Chrono Boost)  
  31  2:49  Probe x2 (Chrono Boost)  
  33  2:53  Probe (Chrono Boost)  
  33  2:54  Probe (Chrono Boost)  
  35  3:01  Oracle (Chrono Boost)  
  35  3:04  Probe  
  39  3:06  Probe  
  39  3:09  Pylon  
  40  3:16  Probe  
  40  3:18  Probe  
  42  3:28  Gateway  
  42  3:29  Probe  
  42  3:31  Oracle (Chrono Boost), Probe  
  47  3:41  Probe  
  48  3:43  Probe  
  49  3:50  Nexus  
  49  3:53  Pylon  
  49  3:56  Probe  
  49  3:57  Probe  
  49  4:00  Assimilator  
  49  4:02  Assimilator  
  51  4:08  Probe  
  51  4:09  Probe  
  53  4:14  Pylon  
  53  4:17  Twilight Council  
  53  4:21  Forge  
  54  4:24  Probe x2  
  55  4:36  Adept  
  55  4:37  Adept, Probe x2  
  61  4:45  Gateway  
  61  4:46  Gateway  
  61  4:49  Probe  
  61  4:50  Protoss Ground Weapons Level 1, Probe  
  63  4:55  Blink  
  63  5:02  Probe x2 (Chrono Boost)  
  65  5:08  Gateway  
  65  5:10  Gateway  
  65  5:12  Probe (Chrono Boost)  
  68  5:14  Probe x2 (Chrono Boost)  
  69  5:22  Probe x3 (Chrono Boost)  
  69  5:24  Pylon  
  69  5:26  Probe (Chrono Boost)  
  71  5:29  Probe, Stalker  
  71  5:30  Probe  
  71  5:34  Stalker  
  77  5:37  Photon Cannon  
  77  5:38  Probe  
  77  5:41  Templar Archives  
  78  5:52  Probe x2  
  78  5:53  Probe  
  81  5:57  Nexus  
  81  5:58  Pylon  
  81  6:02  Psionic Storm  
  81  6:04  Gateway  
  81  6:05  Gateway  
  81  6:08  Stalker  
  81  6:09  Stalker  
  85  6:11  Probe  
  85  6:12  Probe x2  
  85  6:16  Pylon  
  85  6:17  Assimilator  
  87  6:21  Assimilator  
  87  6:26  Probe x3  
  87  6:29  High Templar x3  
  87  6:30  High Templar  
  98  6:32  Shield Battery  
  98  6:38  Pylon  
  98  6:41  Probe x3  
  98  6:44  Gateway  
  98  6:46  Pylon  
  101  6:48  Photon Cannon  
  101  6:52  Protoss Ground Weapons Level 2  
  101  6:56  Charge  
  101  6:57  Probe x3  
  104  7:02  Zealot x2  
  104  7:05  Robotics Facility  
  108  7:13  Zealot x3  
  113  7:19  Robotics Facility  
  113  7:21  Probe x4  
  117  7:28  Stalker x2  
  117  7:29  High Templar  
  120  7:31  Photon Cannon  
  120  7:34  Pylon  
  120  7:35  Shield Battery, Stalker  
  122  7:40  High Templar  
  122  7:41  Zealot  
  126  7:45  Assimilator  
  126  7:49  Assimilator, Stalker x3  
  132  7:52  Pylon  
  132  7:54  Immortal (Chrono Boost), Pylon  
  136  8:02  Probe x3  
  136  8:03  Probe  
  140  8:09  Stalker  
  140  8:10  Stalker x2  
  146  8:14  Probe  
  146  8:17  Stalker x2  
  151  8:20  Zealot x3  
  155  8:30  Shield Battery  
  129  8:34  High Templar  
  129  8:35  High Templar x2  
  129  8:38  Nexus  
  135  8:41  Pylon  
  135  8:48  Zealot x5  
  143  8:59  High Templar  
  145  9:04  Archon  
  145  9:07  Probe x3  
  138  9:17  Stalker x5  
  138  9:18  Stalker  
  138  9:19  Probe  
  138  9:22  Pylon  
  145  9:29  Archon  
  127  9:31  Stalker  
  127  9:32  Stalker x2  
  127  9:36  Immortal  
  109  9:46  Zealot x3  
  109  9:51  Stalker  
  109  9:52  Stalker x2  
  107  9:54  Stalker  
  107  9:59  Stalker  
Show
View Real Time Build Order
Export as new Build Order

Solar Zerg - Winner!

Build Orders: Hatch First, Swarm Host 

Get SALT Encoding   

  12  0:00  Drone  
  13  0:13  Overlord  
  13  0:17  Drone  
  14  0:32  Drone  
  15  0:46  Hatchery  
  15  0:48  Drone  
  15  0:52  Drone  
  15  0:56  Drone  
  17  1:02  Drone  
  18  1:11  Extractor  
  17  1:18  Spawning Pool  
  16  1:20  Drone  
  16  1:24  Drone  
  18  1:31  Drone  
  19  1:42  Drone  
  20  1:56  Drone  
  20  1:58  Overlord  
  21  2:05  Queen x2  
  21  2:06  Zergling x2  
  26  2:08  Zergling x2  
  27  2:16  Metabolic Boost  
  27  2:19  Drone  
  27  2:20  Drone  
  29  2:27  Drone  
  31  2:30  Drone  
  31  2:41  Hatchery  
  30  2:44  Drone  
  30  2:49  Queen  
  33  2:54  Overlord  
  33  2:57  Drone  
  34  3:00  Drone  
  34  3:01  Drone  
  36  3:13  Queen  
  36  3:14  Drone x3  
  36  3:16  Drone  
  36  3:19  Overlord  
  42  3:22  Drone  
  42  3:23  Drone  
  43  3:35  Overlord  
  43  3:37  Spore Crawler, Queen  
  43  3:40  Drone x2  
  46  3:49  Drone x2  
  46  3:52  Spore Crawler  
  46  3:53  Queen  
  46  3:54  Drone  
  50  3:58  Drone x2  
  52  4:07  Evolution Chamber  
  52  4:08  Overlord  
  52  4:09  Drone x4  
  55  4:10  Drone  
  55  4:11  Drone  
  55  4:16  Drone x2  
  59  4:23  Zergling x6  
  62  4:27  Drone x3  
  62  4:29  Spore Crawler  
  62  4:35  Drone x4  
  64  4:38  Zerg Melee Weapons Level 1  
  64  4:40  Overlord  
  64  4:41  Drone  
  65  4:46  Drone  
  65  4:47  Drone x3  
  65  4:51  Zergling x2  
  70  4:57  Zergling x2  
  70  4:59  Hatchery  
  71  5:00  Zergling x4  
  72  5:08  Lair  
  72  5:09  Drone x2  
  72  5:11  Drone x2  
  72  5:13  Extractor x2, Overlord  
  74  5:18  Drone  
  74  5:19  Drone x2  
  77  5:22  Baneling Nest, Drone x2  
  77  5:23  Drone  
  77  5:24  Drone  
  77  5:27  Zergling x4  
  82  5:30  Overlord  
  82  5:32  Drone  
  82  5:40  Drone x4  
  82  5:41  Drone  
  82  5:42  Drone x2  
  89  5:44  Extractor  
  89  5:45  Drone x2, Extractor  
  87  5:50  Drone  
  87  5:51  Drone  
  87  5:55  Zergling x2  
  89  5:58  Zergling x6  
  89  6:02  Zergling x2  
  89  6:03  Drone  
  94  6:07  Zergling x2  
  94  6:09  Overlord  
  94  6:10  Zergling x4  
  97  6:12  Drone  
  97  6:16  Drone x5  
  102  6:20  Spore Crawler, Drone  
  102  6:21  Queen, Infestation Pit  
  102  6:22  Overlord  
  102  6:25  Overlord  
  103  6:28  Drone x4  
  103  6:30  Overlord  
  103  6:31  Overseer  
  107  6:33  Overlord  
  107  6:35  Zerg Melee Weapons Level 2  
  107  6:36  Drone x2  
  107  6:39  Spore Crawler, Drone x3  
  111  6:45  Centrifugal Hooks  
  111  6:49  Extractor, Evolution Chamber  
  111  6:50  Zergling x8  
  111  6:51  Overlord  
  113  6:54  Overlord  
  113  6:57  Zergling x8  
  115  7:08  Overlord  
  115  7:10  Nydus Network, Swarm Host x5  
  115  7:14  Swarm Host x2  
  134  7:18  Swarm Host  
  134  7:22  Swarm Host  
  135  7:26  Swarm Host  
  141  7:30  Swarm Host  
  141  7:33  Overlord  
  141  7:35  Overlord  
  144  7:41  Zergling x22  
  155  7:46  Baneling x9  
  155  7:50  Nydus Canal  
  155  7:51  Overlord  
  155  7:52  Drone  
  155  7:55  Extractor  
  155  7:57  Overlord  
  155  7:59  Zergling x14  
  155  8:03  Hive  
  155  8:05  Drone x3  
  165  8:07  Nydus Canal  
  165  8:10  Baneling x4  
  165  8:13  Zergling x6  
  165  8:15  Zergling x2  
  165  8:18  Zergling x12, Hatchery  
  173  8:25  Zergling x12  
  173  8:27  Overlord  
  178  8:30  Zergling x6  
  175  8:34  Zergling x2  
  175  8:36  Nydus Canal  
  175  8:40  Zergling x2  
  175  8:41  Zergling x4, Spine Crawler  
  179  8:45  Zergling x6  
  179  8:46  Zergling x2  
  181  8:49  Baneling  
  181  8:50  Zergling x8, Baneling x10  
  181  8:54  Zergling x2  
  181  8:55  Zergling x2  
  174  8:57  Baneling  
  174  8:58  Baneling x12, Drone  
  174  9:01  Zergling x4  
  175  9:03  Drone  
  175  9:07  Nydus Canal  
  175  9:10  Zergling x2  
  175  9:11  Zergling x8  
  175  9:16  Zergling x10  
  175  9:17  Ultralisk Cavern  
  177  9:19  Drone  
  177  9:20  Drone x2  
  179  9:24  Zergling x4  
  179  9:31  Zergling x8  
  167  9:36  Zergling x12  
  163  9:43  Zergling x14  
  165  9:46  Zergling x4  
  165  9:48  Zergling x8  
  164  9:53  Zergling x4  
  164  9:57  Zergling x4  
Tags
 
Add a new tag
Caveats
  • Supply blocks, unpowered buildings, or Contaminate may cause inaccurate times.
  • Supply counts are checked every 10 seconds.